 Dungeon Crawl Stone Soup version 0.17.0-15-g6d90897 (webtiles) character file.

909 4thArraOfDagon the Chopper (level 8, -1/42 HPs)
             Began as a Vine Stalker Berserker on Nov 10, 2015.
             Was a Believer of Trog.
             Slain by a centaur (3 damage)
             ... on level 8 of the Dungeon.
             The game lasted 00:03:52 (676 turns).

4thArraOfDagon the Chopper (Vine Stalker Berserker)  Turns: 676, Time: 00:03:52

Health: -1/42      AC:  7    Str: 22    XL:     8   Next: 8%
Magic:  0/9        EV: 10    Int:  7    God:    Trog [**....]
Gold:   20         SH:  0    Dex: 14    Spells: 0 memorised, 7 levels left

rFire  . . .     SeeInvis .     h - +0 war axe
rCold  . . .     Clarity  .     k - +0 scale mail
rNeg   . . .     SustAt   .     (no shield)
rPois  .         Gourm    .     (no helmet)
rElec  .         Spirit   +     (no cloak)
rCorr  .         Warding  .     (no gloves)
rMut   .         Stasis   .     (no boots)
MR     +++..                    (no amulet)
Stlth  ..........               (no ring)
                                (no ring)

@: lethally poisoned (-1 -> -1), exhausted, regenerating, slowed, very slow,
extremely resistant to hostile enchantments, extremely unstealthy
A: fangs 3, regeneration 2, magic shield, antimagic bite, no device heal 3, rot
immunity
a: Berserk, Trog's Hand, Burn Spellbooks, Renounce Religion


You were on level 8 of the Dungeon.
You worshipped Trog.
Trog was pleased with you.
You were hungry.

You visited 1 branch of the dungeon, and saw 7 of its levels.

You collected 62 gold pieces.
You spent 42 gold pieces at shops.

Inventory:

Hand Weapons
 h - a +0 war axe (weapon)
 i - a +0 blowgun
Missiles
 j - a poisoned needle
Armour
 k - a +0 scale mail (worn)
Scrolls
 a - a scroll of amnesia {unknown}
 b - a scroll of fear {unknown}
 d - 2 scrolls of random uselessness {unknown}
 e - a scroll of enchant weapon {unknown}
 f - a scroll of immolation {unknown}
 l - a scroll of remove curse {unknown}
 m - 2 scrolls of identify {unknown}
 o - a scroll of teleportation
Potions
 n - 2 potions of degeneration {unknown}
 p - a potion of resistance {unknown}
Books
 r - a book of Transfigurations

   Spells                             Type                      Level
   a - Stoneskin                      Transmutation/Earth          2
   b - Irradiate                      Conjuration/Transmutation    5
   c - Statue Form                    Transmutation/Earth          6
   d - Hydra Form                     Transmutation                6
   e - Dragon Form                    Transmutation                7
   Trog disapproves of the use of such an item.
Comestibles
 c - 3 bread rations
 g - 4 chunks of flesh
 q - a slice of pizza


   Skills:
 + Level 4.6 Fighting
 * Level 6.5 Axes
 + Level 4.0 Armour
 - Level 1.5 Dodging


You had 7 spell levels left.
You didn't know any spells.

Dungeon Overview and Level Annotations

Branches:
Dungeon (8/15)
 Temple: D:4-7         Lair: D:8-11

Altars:

Shops:
D:6 ?


Innate Abilities, Weirdness & Mutations

You have razor-sharp teeth.
You heal very quickly.
When hurt, damage is shared between your health and your magic reserves.
Your bite disrupts and absorbs the magic of your enemies.
Potions and wands cannot restore your health.
You are immune to rotting.


Message History

You feel resistant to hostile enchantments.
You feel slightly more hungry.
You feel sick.
The worker ant twitches its antennae in your direction.
The centaur closely misses you. The quokka misses you. The centaur hits you.
The quokka closely misses you.
Unknown command.
Unknown command.
Unknown command.
You hit the centaur. Your bite misses the centaur.
The centaur is severely wounded.
You closely miss the giant frog. You slash the quokka!
You kill the quokka!
Trog accepts your kill.
You feel sick. The centaur closely misses you. The giant frog hits you.
* * * LOW HITPOINT WARNING * * *
The centaur hits you!
* * * LOW HITPOINT WARNING * * *
The giant frog hits you but does no damage.
The centaur hits you.
You die...

.. ##### #. #....##
#.#####......# . #.
..#......?. ...
#.##.#........
.....#....#........
............)......
........a..().....#
..........)@)....##
##........Fc..####
................#
...................
..........Y.....###
................#
..........###
...........


You could see a sky beast, a giant frog, a centaur and a worker ant.

Vanquished Creatures
  A water moccasin (D:5)
  2 ogres (D:8)
  3 scorpions (D:8)
  A killer bee (D:8)
  A crimson imp (D:6)
  2 hounds
  An orc priest (D:4)
  3 orc wizards
  A giant frog skeleton (D:8)
  2 iguanas
  4 worker ants
  An adder (D:5)
  20 orcs
  2 ball pythons
  3 giant cockroaches
  7 jackals
  A quokka (D:8)
  A bat (D:3)
  2 goblins
  A kobold (D:3)
  2 rats
61 creatures vanquished.

Vanquished Creatures (others)
  A fungus (D:4)
1 creature vanquished.

Grand Total: 62 creatures vanquished

Notes
Turn   | Place    | Note
--------------------------------------------------------------
     0 | D:1      | 4thArraOfDagon the Vine Stalker Berserker began the quest for the Orb.
     0 | D:1      | Reached XP level 1. HP: 11/11 MP: 2/2
   120 | D:3      | Noticed an orc wizard
   120 | D:3      | Noticed an iguana
   126 | D:3      | Killed an orc wizard
   126 | D:3      | Reached skill level 3 in Axes
   126 | D:3      | Reached XP level 2. HP: 16/16 MP: 3/3
   126 | D:3      | Reached XP level 3. HP: 19/19 MP: 4/4
   130 | D:3      | Killed an iguana
   130 | D:3      | Reached XP level 4. HP: 9/24 MP: 3/5
   264 | D:3      | Noticed an orc wizard
   274 | D:3      | Killed an orc wizard
   278 | D:3      | Reached ** piety under Trog
   278 | D:3      | Reached skill level 4 in Axes
   323 | D:4      | Reached XP level 5. HP: 28/28 MP: 4/6
   428 | D:5      | Entered Level 5 of the Dungeon
   441 | D:5      | Noticed a water moccasin
   465 | D:5      | Gained mutation: You heal very quickly. [Vine Stalker growth]
   465 | D:5      | Reached XP level 6. HP: 13/32 MP: 5/7
   477 | D:5      | Killed a water moccasin
   477 | D:5      | Reached skill level 5 in Axes
   528 | D:6      | Found Bilegawn's Magic Scroll Shop.
   540 | D:6      | Bought a scroll of teleportation for 42 gold pieces
   648 | D:6      | You fall through a shaft for 2 floors!
   656 | D:8      | Reached XP level 7. HP: 37/37 MP: 8/8
   662 | D:8      | Reached skill level 6 in Axes
   666 | D:8      | Gained mutation: You have razor-sharp teeth. [Vine Stalker growth]
   666 | D:8      | Reached XP level 8. HP: 19/42 MP: 9/9
   676 | D:8      | HP: 2/42 [centaur (4)]
   676 | D:8      | Slain by a centaur

Action                   |  1- 3 |  4- 6 |  7- 9 || total
-------------------------+-------+-------+-------++-------
Melee: Hand axe          |    14 |     3 |       ||    17
       War axe           |       |    73 |    18 ||    91
Invok: Berserk           |     1 |     6 |       ||     7
       Trog's Hand       |       |     2 |     1 ||     3
  Eat: Chunk             |       |     6 |       ||     6
